 Dungeon Crawl Stone Soup version 0.32-a0-900-g30fb1b0edc (webtiles) character file.

Game seed: 2723803512355966245

103 Autsider the Digger (level 4, -11/26 HPs)
             Began as a Gargoyle Earth Elementalist on Apr 5, 2024.
             Blown up by Ijyb (15 damage)
             ... with a mindburst bolt
             ... on level 3 of the Dungeon.
             The game lasted 00:03:51 (2041 turns).

Autsider the Digger (Gargoyle Earth Elementalist)   Turns: 2041, Time: 00:03:52

Health: -11/26     AC:  5    Str: 11    XL:     4   Next: 79%
Magic:  0/7        EV: 11    Int: 18    God:
Gold:   151        SH:  0    Dex: 10    Spells: 4/8 levels left

rFire   . . .        n - +1 whip (elec)
rCold   + . .        (no shield)
rNeg    + . .        a - +0 robe
rPois   ∞            (no helmet)
rElec   +            (no cloak)
rCorr   .            (no gloves)
SInv    .            (no boots)
Will    .....        (no amulet)
Stlth   ++           r - ring of protection from cold
HPRegen 0.24/turn    (no ring)
MPRegen 0.10/turn

%: no passive effects
@: no status effects
A: sickness immunity, AC +3, negative energy resistance 1, electricity
resistance, torment resistance 1, petrification resistance
a: no special abilities


You were on level 3 of the Dungeon.
You visited 1 branch of the dungeon, and saw 3 of its levels.

You collected 151 gold pieces.

Inventory:

Hand Weapons
 j - a +0 mace
 n - a +1 whip of electrocution (weapon)
 p - a +1 whip of venom
Armour
 a - a +0 robe (worn)
Magical Staves
 h - a staff of air
Jewellery
 r - a ring of protection from cold (left hand)
Scrolls
 e - a scroll of fear {unknown}
 g - a scroll of identify {unknown}
 i - 3 scrolls of summoning {unknown}
 k - a scroll of fog {unknown}
 o - a scroll of revelation {unknown}
 q - a scroll of enchant armour {unknown}
Potions
 b - a potion of magic
 c - a potion of attraction {unknown}
 d - a potion of brilliance {unknown}
 f - a potion of heal wounds {unknown}
 l - a potion of resistance {unknown}
 m - a potion of degeneration {unknown}


   Skills:
 + Level 1.7 Fighting
 - Level 1.5 Dodging
 - Level 2.1 Stealth
 + Level 2.6 Spellcasting
 + Level 2.3 Conjurations
 * Level 5.0 Earth Magic


You had 4 spell levels left.
You knew the following spells:

 Your Spells              Type           Power      Damage    Failure   Level
a - Sandblast             Erth           40%        2d10      2%          1
b - Stone Arrow           Conj/Erth      30%        3d8       12%         3

Your spell library contained the following spells:

 Spells                   Type           Power      Damage    Failure   Level
 Passwall                 Erth           20%        N/A       7%          3
 Ensorcelled Hibernation  Hex/Ice        4%         N/A       26%         2
 Brom's Barrelling Bould  Conj/Erth      15%        2d4       36%         4
 Frozen Ramparts          Ice            4%         1d1       45%         3
 Fugue of the Fallen      Necr           2%         N/A       45%         3
 Ozocubu's Armour         Ice            2%         N/A       45%         3
 Petrify                  Alch/Erth      11%        N/A       52%         4
 Anguish                  Hex/Necr       1%         N/A       86%         4
 Metabolic Englaciation   Hex/Ice        1%         N/A       99%         5


Dungeon Overview and Level Annotations

Branches:
Dungeon (3/15)

Altars:

Annotations:
D:3 Ijyb


Innate Abilities, Weirdness & Mutations

You are immune to sickness and miasma.
Your stone body is resilient. (AC +3)
You are immune to poison.
You resist negative energy. (rN+)
You are resistant to electric shocks. (rElec)
You are resistant to unholy torment.
You are immune to petrification.


Message History

Press: ? - help, Shift-Dir - straight line, f/p - Ijyb
Aim: Ijyb, wielding a +3 dagger of draining, wearing a +0 leather armour and carrying a wand of mindburst (79% to hit)
The blast of sand hits Ijyb.
Ijyb is lightly wounded.
Ijyb stops to study her wand.
Ijyb hits you with a +3 dagger of draining. x2
Casting: Sandblast (safe; 2% risk of failure)
Confirm with . or Enter, or press ? or * to list all spells.
Aiming: Sandblast (safe; 2% risk of failure)
Press: ? - help, Shift-Dir - straight line, f/p - Ijyb
Aim: Ijyb, wielding a +3 dagger of draining, wearing a +0 leather armour and carrying a wand of mindburst (lightly wounded, 79% to hit)
The blast of sand hits Ijyb.
Ijyb is lightly wounded.
Ijyb zaps a wand.
Your mind is blasted!
Ouch! That really hurt!
* * * LOW HITPOINT WARNING * * *
Casting: Sandblast (safe; 2% risk of failure)
Confirm with . or Enter, or press ? or * to list all spells.
Aiming: Stone Arrow (quite dangerous; 12% risk of failure)
Press: ? - help, Shift-Dir - straight line, f/p - Ijyb
Aim: Ijyb, wielding a +3 dagger of draining, wearing a +0 leather armour and carrying a wand of mindburst (lightly wounded, 60% to hit)
The stone arrow hits Ijyb!
Ijyb is severely wounded.
Ijyb hits you with a +3 dagger of draining.
* * * LOW HITPOINT WARNING * * *
Casting: Stone Arrow (quite dangerous; 12% risk of failure)
Confirm with . or Enter, or press ? or * to list all spells.
You don't have enough magic to cast this spell.
Unknown command.
Casting: Stone Arrow (quite dangerous; 12% risk of failure)
Confirm with . or Enter, or press ? or * to list all spells.
Aiming: Sandblast (safe; 2% risk of failure)
Press: ? - help, Shift-Dir - straight line, f/p - Ijyb
Aim: Ijyb, wielding a +3 dagger of draining, wearing a +0 leather armour and carrying a wand of mindburst (severely wounded, 79% to hit)
The blast of sand hits Ijyb but does no damage.
Ijyb is severely wounded.
Ijyb zaps a wand.
Your mind is blasted!
Ouch! That really hurt!
You die...
Ijyb screams, "Time for next experiment!"

#.....# #..$.g.. #.....#
#....... #.....# ........
#.....########.......
#..................=.
#######.#########......^.
#...................#
#.....<.g########...#
#......#@## #......##
#.........###.####.......
#...<..#......###########
#......#.###......#
########.# #.####..#
#.###.#####.#
#..>.........
#####.#####.. #.#


You could see Ijyb.

Vanquished Creatures
  3 gnolls (D:2)
  An adder (D:2)
  5 dart slugs
  5 endoplasms
  5 giant cockroaches
  5 goblins
  4 hobgoblins
  7 kobolds
  2 quokkas (D:1)
  6 ball pythons
  5 bats
  2 frilled lizards (D:1)
  2 rats (D:1)
52 creatures vanquished.

Notes
Turn   | Place    | Note
-------+----------+-------------------------------------------
     0 | D:1      | Autsider the Gargoyle Earth Elementalist began the quest
                  | for the Orb.
     0 | D:1      | Reached XP level 1. HP: 10/10 MP: 3/3
    60 | D:1      | Reached XP level 2. HP: 16/16 MP: 0/5
   159 | D:1      | Reached skill level 4 in Earth Magic
   379 | D:1      | Reached skill level 1 in Fighting
   431 | D:1      | Reached XP level 3. HP: 20/20 MP: 3/6
  1432 | D:2      | Reached XP level 4. HP: 25/25 MP: 4/7
  1962 | D:3      | Reached skill level 5 in Earth Magic
  2019 | D:3      | Noticed Ijyb
  2036 | D:3      | Learned a level 3 spell: Stone Arrow
  2041 | D:3      | Blown up by Ijyb

Illustrated notes

Levels and vault maps discovered:
D:1:      minmay_arrival_jagged, layout_basic
D:2:      layout_basic, grunt_decor_cap
D:3:      layout_rooms, uniq_ijyb

Skill      XL: |  1  2  3  4 |
---------------+-------------+-----
Earth Magic    | 4 5 |  5.0
Fighting       | 1 |  1.7
Conjurations   | 2 |  2.3
Dodging        | |  1.5
Stealth        | |  2.1
Spellcasting   | |  2.6

Action                     |  1- 3 |  4- 6 || total
---------------------------+-------+-------++-------
  Melee: Unarmed           |     6 |       ||     6
         Mace              |     1 |     4 ||     5
         Whip              |       |     3 ||     3
   Cast: Sandblast         |    49 |    23 ||    72
         Stone Arrow       |       |     1 ||     1
 Armour: Robe              |    20 |     9 ||    29
  Dodge: Dodged            |    14 |     6 ||    20

Table legend: (Time is in decaauts)
 A = Elapsed time spent in this place.
 B = Non-inter-level travel time spent in this place.
 C = Inter-level travel time spent in this place.
 D = Time resting spent in this place.
 E = Time spent auto-exploring this place.
 F = Levels seen in this place.
 G = Mean time per level.
                   A        B        C        D        E       F      G
               +--------+--------+--------+--------+--------+-----+--------+
         Total |   2077 |   2001 |     76 |      0 |   1685 |   3 |  692.3 |
       Dungeon |   2077 |   2001 |     76 |      0 |   1685 |   3 |  692.3 |
               +--------+--------+--------+--------+--------+-----+--------+

Top non-repeatable levels by time:
     D:1: 1345 daAuts
     D:2: 636 daAuts
     D:3: 96 daAuts
